 Dungeon Crawl Stone Soup version 0.32-a0-433-g08bcfe7efd (webtiles) character file.

Game seed: 698748779374464871

28 Dittersdorf the Shield-Bearer (level 3, 0/23 HPs)
             Began as a Gargoyle Fighter on Feb 22, 2024.
             Slain by a goblin
             ... wielding a +0 dagger
             ... led by Robin
              (3 damage)
             ... on level 2 of the Dungeon.
             The game lasted 00:00:26 (472 turns).

Dittersdorf the Shield-Bearer (Gargoyle Fighter)     Turns: 472, Time: 00:00:26

Health: 0/23       AC: 10    Str: 21    XL:     3   Next: 14%
Magic:  3/3        EV:  9    Int:  8    God:
Gold:   43         SH:  4    Dex:  9    Spells: 2/2 levels left

rFire   . . .        a - +0 flail
rCold   . . .        c - +0 buckler
rNeg    + . .        b - +0 scale mail
rPois   ∞            (no helmet)
rElec   +            (no cloak)
rCorr   .            (no gloves)
SInv    .            (no boots)
Will    .....        (no amulet) Stlth
                     (no ring)
HPRegen 0.23/turn    (no ring)
MPRegen 0.08/turn

%: no passive effects
@: no status effects
A: sickness immunity, AC +3, negative energy resistance 1, electricity
resistance, torment resistance 1, petrification resistance
a: no special abilities


You were on level 2 of the Dungeon.
You visited 1 branch of the dungeon, and saw 2 of its levels.

You collected 43 gold pieces.

Inventory:

Hand Weapons
 a - a +0 flail (weapon)
Armour
 b - a +0 scale mail (worn)
 c - a +0 buckler (worn)
Scrolls
 e - a scroll of identify {unknown}
 f - a scroll of enchant weapon {unknown}
Potions
 d - 2 potions of might
 g - a potion of berserk rage {unknown}
 h - a potion of attraction {unknown}


   Skills:
 + Level 3.6 Fighting
 + Level 2.4 Maces & Flails
 + Level 3.6 Armour
 + Level 3.6 Shields


You had 2 spell levels left.
You didn't know any spells.
Your spell library contained the following spells:

 Spells                   Type           Power      Damage    Failure   Level
 Magic Dart               Conj           0%         1d3       82%         1
 Ensorcelled Hibernation  Hex/Ice        0%         N/A       91%         2
 Searing Ray              Conj           0%         2d4       91%         2
 Passwall                 Erth           0%         N/A       99%         3
 Swiftness                Air            0%         N/A       99%         3
 Fulminant Prism          Conj/Alch      0%         3d5       100%        4


Dungeon Overview and Level Annotations

Branches:
Dungeon (2/15)

Altars:

Annotations:
D:2 Robin


Innate Abilities, Weirdness & Mutations

You are immune to sickness and miasma.
Your stone body is resilient. (AC +3)
You are immune to poison.
You resist negative energy. (rN+)
You are resistant to electric shocks. (rElec)
You are resistant to unholy torment.
You are immune to petrification.


Message History

You kill the goblin!
The goblin hits you but does no damage.
The goblin hits you with a +2 dagger of venom.
You block the goblin's attack. The goblin hits you with a +0 dagger.
The goblin hits you with a +2 dagger of venom.
The goblin hits you but does no damage. x3
The goblin hits you with a +0 dagger.
You are too injured to fight recklessly!
You are too injured to fight recklessly!
You are too injured to fight recklessly!
You are too injured to fight recklessly!
You are too injured to fight recklessly!
You are too injured to fight recklessly!
You are too injured to fight recklessly!
You are too injured to fight recklessly!
You are too injured to fight recklessly!
You are too injured to fight recklessly!
You are too injured to fight recklessly!
You are too injured to fight recklessly!
You are too injured to fight recklessly!
You are too injured to fight recklessly!
You are too injured to fight recklessly!
You are too injured to fight recklessly!
You are too injured to fight recklessly!
The goblin hits you with a +0 club.
* * * LOW HITPOINT WARNING * * *
The goblin hits you with a +0 dagger.
* * * LOW HITPOINT WARNING * * *
The goblin barely misses you.
Things that are here:
a +0 club; a goblin corpse Robin throws the goblin at you!
You hit the goblin.
The goblin is heavily wounded.
The goblin barely misses you. The goblin closely misses you.
You block the goblin's attack.
You sock the goblin!
You kill the goblin!
The goblin hits you but does no damage. The goblin hits you with a +0 dagger.
You die...

............ ...........
.......... #.......
......# #...gg. ......#
#..#g### ......#
..###..r..# ......#
#.#.ggg...# ......#
..#.@gg...#... ......#
#.#)gg........ ......#
#.#.)......### <.....#
#.#...........
......#######.#.......####
............).†......##
.#.........†.........#
##.......##..........#
######################


You could see Robin, a hobgoblin (strong), 8 goblins and a rat.

Vanquished Creatures
  2 dart slugs
  A ball python (D:2)
  3 bats (D:2)
  3 endoplasms
  A giant cockroach (D:2)
  2 hobgoblins (D:1)
  2 quokkas
  A frilled lizard (D:1)
  5 goblins
  A kobold (D:1)
  3 rats
24 creatures vanquished.

Notes
Turn   | Place    | Note
-------+----------+-------------------------------------------
     0 | D:1      | Dittersdorf the Gargoyle Fighter began the quest for the
                  | Orb.
     0 | D:1      | Reached XP level 1. HP: 14/14 MP: 1/1
   177 | D:1      | Reached XP level 2. HP: 19/19 MP: 2/2
   454 | D:2      | Reached XP level 3. HP: 22/23 MP: 3/3
   464 | D:2      | Noticed Robin
   472 | D:2      | Slain by a goblin

Illustrated notes

Levels and vault maps discovered:
D:1:      minmay_arrival_three_doors, layout_rooms, hangedman_decor_push
D:2:      minmay_wonky_spiral, layout_rooms, uniq_robin, uniq_crazy_yiuf_cottage

Action                     || total
---------------------------++-------
  Melee: Flail             ||    64
 Armour: Scale mail        ||    59
  Dodge: Dodged            ||    26
  Block: Buckler           ||    17

Table legend: (Time is in decaauts)
 A = Elapsed time spent in this place.
 B = Non-inter-level travel time spent in this place.
 C = Inter-level travel time spent in this place.
 D = Time resting spent in this place.
 E = Time spent auto-exploring this place.
 F = Levels seen in this place.
 G = Mean time per level.
                   A        B        C        D        E       F      G
               +--------+--------+--------+--------+--------+-----+--------+
         Total |    492 |    471 |     21 |      0 |    333 |   2 |  246.0 |
       Dungeon |    492 |    471 |     21 |      0 |    333 |   2 |  246.0 |
               +--------+--------+--------+--------+--------+-----+--------+

Top non-repeatable levels by time:
     D:1: 426 daAuts
     D:2: 66 daAuts
